 Dungeon Crawl Stone Soup version 0.25.1-2-g60ff931df9 (webtiles) character file.

Game seed: 14516229217164059808

4 growler the Digger (level 1, -2/14 HPs)
             Began as a Demigod Earth Elementalist on Oct 9, 2020.
             Slain by a jackal (3 damage)
             ... on level 1 of the Dungeon.
             The game lasted 00:00:49 (92 turns).

growler the Digger (Demigod Earth Elementalist)       Turns: 92, Time: 00:00:50

Health: -2/14      AC:  2    Str: 11    XL:     1   Next: 40%
Magic:  0/5        EV: 12    Int: 19    God:
Gold:   14         SH:  0    Dex: 16    Spells: 2/3 levels left

rFire    . . .     SeeInvis .   (no weapon)
rCold    . . .     Gourm    .   (no shield)
rNeg     . . .     Faith    .   c - +0 robe
rPois    .         Spirit   .   (no helmet)
rElec    .         Reflect  .   (no cloak)
rCorr    .         Harm     .   (no gloves)
MR       .....                  (no boots)
Stlth    ++........             (no amulet)
HPRegen  0.04/turn              (no ring)
MPRegen  0.09/turn              (no ring)

@: no status effects
A: high mp 1
a: no special abilities


You were on level 1 of the Dungeon.
You were not hungry.

You visited 1 branch of the dungeon, and saw 1 of its levels.

You collected 14 gold pieces.

Inventory:

Missiles
 b - 23 stones (quivered)
Armour
 c - a +0 robe (worn)
Scrolls
 a - a scroll of random uselessness {unknown}
Comestibles
 e - a ration {!d}


   Skills:
 - Level 1.7 Dodging
 - Level 1.7 Stealth
 + Level 1.9 Spellcasting
   Level 0.8 Transmutations
 + Level 2.8 Earth Magic


You had 2 spell levels left.
You knew the following spells:

 Your Spells              Type           Power        Failure   Level  Hunger
a - Sandblast             Erth           ##....       5%          1    #......

Your spell library contained the following spells:

 Spells                   Type           Power        Failure   Level  Hunger
 Passwall                 Tmut/Erth      #.......     12%         2    ###....
 Stone Arrow              Conj/Erth      #.....       28%         3    ###....
 Petrify                  Tmut/Erth      #.......     61%         4    #####..
 Lee's Rapid Deconstruct  Erth           ##........   82%         5    ######.


Dungeon Overview and Level Annotations

Branches:
Dungeon (1/15)


Innate Abilities, Weirdness & Mutations

You have an increased reservoir of magic. (+10% MP)


Message History

Aim: a kobold, wielding a +0 short sword and quivering 4 stones The blast of sand hits the jackal.
You kill the jackal!
b - 27 stones
Aim: a kobold, wielding a +0 short sword and quivering 4 stones The blast of sand hits the jackal but does no damage.
b - 26 stones The jackal closely misses you.
Aim: a kobold, wielding a +0 short sword and quivering 4 stones The blast of sand hits the jackal.
b - 25 stones The jackal closely misses you.
The jackal barely misses you.
You see here a stone.
b - 26 stones (gained 1)
The jackal bites you. The jackal closely misses you.
The jackal barely misses you. The jackal closely misses you. x2
The jackal closely misses you.
You don't have enough magic to cast that spell.
The jackal bites you. The jackal closely misses you.
Aim: a jackal The blast of sand misses the jackal.
The blast of sand hits the jackal!
You kill the jackal!
b - 25 stones The jackal bites you but does no damage.
The jackal bites you. The jackal closely misses you.
The jackal closely misses you.
Aim: a jackal The blast of sand misses the jackal.
b - 24 stones The jackal misses you.
The jackal bites you but does no damage.
The jackal bites you.
The jackal bites you but does no damage.
The jackal bites you.
* * * LOW HITPOINT WARNING * * *
The jackal bites you.
* * * LOW HITPOINT WARNING * * *
Aim: a jackal The blast of sand hits the jackal.
b - 23 stones The jackal bites you but does no damage.
The jackal closely misses you. The jackal bites you.
* * * LOW HITPOINT WARNING * * *
The jackal bites you.
You die...

#.# #)# #.# #.# #.# ####
#.# .... ###.# .$..
####...######## ....
#...@hl.K.....# ....
##...#.##.#####..###....
##..###.###.###.#........
#.......# #.#l###..#####
#..####.## ##.## ##.#
##.###K#.###.##
##.#.#.#.#.## ##.#.<.#.##
##.#.#.#.#.##


You could see a leopard gecko, a jackal and a kobold.

Vanquished Creatures
  3 jackals (D:1)
3 creatures vanquished.

Notes
Turn   | Place    | Note
-------+----------+-------------------------------------------
     0 | D:1      | growler the Demigod Earth Elementalist began the quest for
                  | the Orb.
     0 | D:1      | Reached XP level 1. HP: 14/14 MP: 5/5
    92 | D:1      | Slain by a jackal

Illustrated notes

Levels and vault maps discovered:
D:1:      minmay_arrival_diagonal_passages, layout_basic

Action                   || total
-------------------------++-------
 Cast: Sandblast         ||     8
Armor: Robe              ||     4
Dodge: Dodged            ||    15
